 BcadrenCrawl: Boulder Brew version 0.04-3-g5ec7fb31a4 (webtiles) character file.

Game seed: 11312785205672761912, levelgen mode: deterministic

65 Chiseanne the Ducker (level 4, 7/31 HPs) Goblin Demonspawn. Began on Mar 21, 2021. Quit the game on level 1 of the Dungeon. The game lasted 00:01:29 (484 turns).

Chiseanne the Ducker (Goblin Demonspawn)             Turns: 484, Time: 00:01:29

Health: 7/31       AC:  5    Str:  8    XL:     4 ^: 45
Magic:  4/5        EV: 13    Int:  6    God:
Gold:   32         SH:  0    Dex:  6    Spells: 6/7 levels left

rFire    . . .     Vision   .   a - +0 long sword
rCold    . . .     Gourm    .   (weapon restricted)
rNeg     . . .     Faith    .   i - +0 ring mail
rPois    .         Spirit   +   (no helmet)
rElec    .         Reflect  .   (no cloak)
rCorr    .         Harm     .   (no gloves)
MR       .....                  (no boots)
Stlth    +.........             (no amulet)
HPRegen  0.20/turn              (no ring)
MPRegen  0.30/turn              (no ring)

@: lethally poisoned (7 -> -5)
A: small, stagnant stats, goblin's greed, low mp 1, mutation resistance 1, magic
shield, magic regeneration, god's pity 2
a: no special abilities


You were on level 1 of the Dungeon.
You were not hungry.

You visited 1 branch of the dungeon, and saw 1 of its levels.

You collected 26 gold pieces.

Inventory:

Weapons
 a - a +0 long sword (weapon)
 c - a cursed +0 spear of venom {(Curse: rF-)}
Armour
 i - a +0 ring mail (worn)
Jewellery
 h - an uncursed ring of fire
Scrolls
 e - 3 scrolls of amnesia
 g - 3 scrolls of teleportation
Comestibles
 d - 2 rations
 f - 4 chunks of flesh


   Skills:
 * Level 3.1 Fighting
 - Level 2.6 Long Blades
 * Level 0.2 Armour
 * Level 4.9 Dodging
 - Level 2.6 Stealth
 * Level 2.2 Spellcasting
 - Level 2.6 Fire Magic
   Level 4.0 Invocations


You had 6 spell levels left.
You knew the following spells:

 Your Spells              Type           Power        Failure   Level  Hunger
a - Flame Tongue          Fire           3 (30)       24%         1    ##.....

Your spell library contained the following spells:

 Spells                   Type           Power        Failure   Level  Hunger
 Conjure Flame            Fire           3 (100)      56%         3    ####...
 Blink                    Tloc           N/A          71%         2    ###....
 Call Imp                 Summ           0 (100)      71%         2    ###....
 Slow                     Hex            0 (100)      71%         2    ###....
 Mephitic Cloud           Pois/Air       0 (100)      91%         3    ####...


Dungeon Overview and Level Annotations

Branches:
Dungeon (1/8)

Altars:

Annotations:
D:1 1 exclusion


Innate Abilities, Weirdness & Mutations

Your stats never grow through leveling.
Your goblin ancestry allows you to find more gold. (+20%)
You are small and have problems with some larger weapons.
Your magical capacity is low. (-10% MP)
You are somewhat resistant to further mutation.
When hurt, damage is shared between your health and your magic reserves.
You regenerate magic rapidly.
The pity of the gods increases the power of your passive and invoked divine abilities.


Message History

You are too injured to fight recklessly!
You are too injured to fight recklessly!
You are too injured to fight recklessly!
You hit the hobgoblin (3). You barely miss the hobgoblin.
You feel sick. (2)
The hobgoblin barely misses you (0).
You barely miss the hobgoblin. The hobgoblin blocks your attack.
You feel sick. (2)
The hobgoblin closely misses you (0).
You slash the hobgoblin (9)!
You kill the hobgoblin!
* * * LOW HITPOINT WARNING * * *
You feel sick. (2)
* * * LOW HITPOINT WARNING * * *
You feel sick. (2)
Items here: )) †† a +0 club; a +1 short sword of venom; a hobgoblin corpse; a kobold corpse You aren't carrying any potions.
Unknown command.
Are you sure you want to abandon this character and quit the game? (Confirm with "yes".)

. ..###. #.##.. #.##.#
#.##.# #.##.# #.##.#
####.####.##.#
#......@.....####
#.##.####..†....# #.#
###..##.# #.# ### #..# #
#.# ..# #..# #.# #.# #..#
#.# #.# #..# ##########.#
#.# #[.#
....).!.##.####.####..##.#


There were no monsters in sight!

Vanquished Creatures
  A giant cockroach (D:1)
  A gnoll (D:1)
  2 cinder newts (D:1)
  A leopard gecko (D:1)
  3 bats (D:1)
  6 goblins (D:1)
  5 hobgoblins (D:1)
  3 kobolds (D:1)
  6 rats (D:1)
28 creatures vanquished.

Notes
Turn   | Place    | Note
-------+----------+-------------------------------------------
     0 | D:1      | Chiseanne the Goblin Demonspawn began the quest for the
                  | Orb.
     0 | D:1      | Reached XP level 1. HP: 13/13 MP: 2/2
    24 | D:1      | Gained mutation: When hurt, damage is shared between your
                  | health and your magic reserves. [demonic ancestry]
    24 | D:1      | Reached XP level 2. HP: 20/20 MP: 3/3
   113 | D:1      | Gained mutation: You regenerate magic rapidly. [demonic
                  | ancestry]
   113 | D:1      | Reached XP level 3. HP: 18/25 MP: 2/4
   304 | D:1      | Reached XP level 4. HP: 8/31 MP: 3/5
   484 | D:1      | Quit the game

Levels and vault maps discovered:
D:1:      lightli_arrival_statuegarden, layout_loops_ring, first_ration,
          chequers_serial_rivers_micro_e

Skill      XL: |  1  2  3 |
---------------+----------+-----
Fighting       | 2 3 |  3.1
Spellcasting   | 2 |  2.2
Long Blades    | |  2.6
Armour         | |  0.2
Dodging        | |  4.9
Stealth        | |  2.6
Fire Magic     | |  2.6
Invocations    | |  4.0

Action                   |  1- 3 |  4- 6 || total
-------------------------+-------+-------++-------
Melee: Long sword        |    78 |    21 ||    99
       Unarmed           |    61 |    16 ||    77
  Use: Potion            |       |     1 ||     1
 Stab: Sleeping          |     2 |       ||     2
Armor: Leather armour    |     9 |       ||     9
       Ring mail         |       |     2 ||     2
Dodge: Dodged            |    97 |    17 ||   114
       Rpst.: Long sword |    26 |     6 ||    32
